 Dungeon Crawl Stone Soup version 0.30.0-15-g856e2d3f33 (webtiles) character file.

Game seed: 1394840676596233767

17227 qw the Cleaver (level 12, -6/77 HPs)
             Began as a Gargoyle Cinder Acolyte on May 18, 2023.
             Was an Initiate of Ignis.
             Mangled by a death yak (9 damage)
             ... on level 3 of the Lair of Beasts.
             The game lasted 00:05:46 (10555 turns).

qw the Cleaver (Gargoyle Cinder Acolyte)           Turns: 10555, Time: 00:05:47

Health: -6/77      AC: 35    Str: 22    XL:     12   Next: 45%
Magic:  13/13      EV: 12    Int: 16    God:    Ignis [......]
Gold:   1318       SH:  0    Dex:  5    Spells: 13/13 levels left

rFire   + . .        Y - +5 war axe (freeze)
rCold   . . .        (no shield)
rNeg    + . .        b - +2 plate armour
rPois   inf          (no helmet)
rElec   +            i - +2 cloak
rCorr   .            f - +2 pair of gloves
SInv    .            (no boots)
Will    .....        (no amulet) Stlth
                     k - +5 ring of evasion
HPRegen 0.32/turn    a - +4 ring of protection
MPRegen 0.13/turn

%: no passive effects
@: about to teleport
A: sickness immunity, AC +8, negative energy resistance 1, electricity
resistance, torment resistance 1, petrification resistance
a: Renounce Religion, Rising Flame


You were on level 3 of the Lair of Beasts.
You worshipped Ignis.
Ignis was noncommittal.
You visited 2 branches of the dungeon, and saw 12 of its levels.
You also visited: Sewer.

You collected 1402 gold pieces.
You spent 84 gold pieces at shops.


Innate Abilities, Weirdness & Mutations

You are immune to sickness and miasma.
Your stone body is resilient. (AC +8)
You are immune to poison.
You resist negative energy. (rN+)
You are resistant to electric shocks. (rElec)
You are resistant to unholy torment.
You are immune to petrification.


   Skills:
 - Level 10.1 Fighting
 + Level 13.7 Axes
 - Level 5.1 Throwing
 - Level 9.2 Armour
 - Level 2.5 Dodging
 - Level 1.0 Spellcasting
 - Level 3.0 Fire Magic


You had 13 spell levels left.
You didn't know any spells.
Your spell library contained the following spells:

 Spells                   Type           Power      Damage    Failure   Level
 Scorch                   Fire           20%        2d6       82%         2

Inventory:

Hand Weapons
 l - a +1 hand axe of flaming
 Y - a +5 war axe of freezing (weapon)
Missiles
 e - 8 boomerangs (quivered)
Armour
 b - a +2 plate armour (worn)
 f - a +2 pair of gloves (worn)
 i - a +2 cloak (worn)
Jewellery
 a - a +4 ring of protection (right hand)
 j - a ring of fire
 k - a +5 ring of evasion (left hand)
Scrolls
 c - a scroll of silence {unknown}
 h - 5 scrolls of identify
 n - 4 scrolls of teleportation
Potions
 d - a potion of might
 g - a potion of attraction {unknown}
 o - a potion of mutation

Dungeon Overview and Level Annotations

Branches:
Dungeon (9/15)             Temple (0/1) D:5            Lair (3/5) D:9
 Shoals (0/4) Lair:3       Spider (0/4) Lair:3        Sewer (visited)
    Orc: D:9-12

Altars:
Cheibriados
Dithmenos
Makhleb
Qazlal
Trog
Wu Jian
Yredelemnul

Shops:
D:2 [   D:4 (   D:8 ?

Annotations:
D:1 2 runed translucent doors
D:4 3 runed translucent doors, qw's ghost, amateur GrCA
Lair:1 2 transporters, qw's ghost, journeyman GrCA
Lair:3 2 transporters


Message History

The death yak gores you but does no damage.
You barely miss the death yak.
The death yak is almost dead.
You hit the death yak. You freeze the death yak. You slash the death yak!
You freeze the death yak. You hit the death yak but do no damage.
You hit the death yak. You freeze the death yak.
The death yak is almost dead.
You completely miss the death yak. You slash the death yak!
You freeze the death yak. You hit the death yak. You freeze the death yak.
The death yak misses you. The death yak gores you. The death yak gores you!
The death yak barely misses you.
You hit the death yak. You freeze the death yak.
You kill the death yak!
You hit the death yak but do no damage. You barely miss the death yak. x2
You slash the death yak! You freeze the death yak.
The death yak gores you but does no damage.
The death yak gores you!
The death yak gores you but does no damage.
The death yak gores you.
You barely miss the wyvern.
The wyvern is severely wounded.
You hit the death yak. You freeze the death yak. You hit the death yak.
You freeze the death yak. You hit the death yak. You freeze the death yak.
You hit the death yak but do no damage. The wyvern closely misses you.
The death yak gores you! The death yak gores you.
The death yak closely misses you.
The death yak gores you but does no damage.
You hit the death yak but do no damage.
The death yak is heavily wounded.
You hit the death yak. You freeze the death yak. You hit the death yak.
You freeze the death yak. You hit the death yak. You freeze the death yak.
You barely miss the death yak. The death yak gores you!
The death yak gores you but does no damage. x2
The death yak gores you.
10555 ||| READING 5 scrolls of teleportation.
As you read the scroll of teleportation, it crumbles to dust.
You feel strangely unstable. The death yak gores you!
You die...

...P........#7#w#7#w#............
##.#P.#....##¤¤~#¤~~####.........
#.###.#....#PPPP0PPP# =#.........
#%%...#...^#^^^^^^^.+ ^#^........
##.........#PPPPP0PP# ........
#.....##...##~~~~#¤¤
##....##....##w#7#w# .
##..........#########....
##.....#.......Y@Y.......
.####.##.......YYY.......
.##.#..#........l........
.........................
.........................
.........................
.............##########..
...>P.......## .< ###..###....P#


You could see 5 death yaks and a wyvern.

Vanquished Creatures
  Harold (Lair:2)
  A hydra (Lair:3)
  Erica (D:9)
  A death yak (Lair:3)
  Sonja (Lair:2)
  Amaemon (D:9)
  Pikel (D:9)
  3 black mambas (Lair:2)
  An orange demon (D:9)
  A kobold demonologist (D:7)
  2 cane toads
  Maggie (D:9)
  A rime drake (Lair:3)
  4 komodo dragons
  A polar bear (Lair:2)
  5 blink frogs (Lair:3)
  5 dream sheep (Lair:3)
  3 jumping spiders (Lair:3)
  6 wyverns
  6 yaks
  A basilisk (D:9)
  A steam dragon (D:6)
  An acid dragon (D:5)
  5 water moccasins
  2 orc warriors (D:7)
  An ice beast (D:7)
  3 black bears
  3 lemures (D:9)
  3 centaurs (Lair:3)
  4 wolves (D:9)
  10 bullfrogs
  3 gnoll sergeants
  3 scorpions
  13 wights
  11 killer bees (D:9)
  4 howler monkeys
  3 jellies
  3 orc priests
  3 gnoll boudas
  4 hounds
  2 iguanas
  A sleepcap (D:6)
  10 orc wizards
  29 gnolls
  7 adders
  A shadow imp (D:6)
  2 white imps
  2 ufetubi
  A worm (D:3)
  A dart slug (D:1)
  28 orcs
  8 endoplasms
  4 giant cockroaches
  11 goblins
  3 hobgoblins
  3 jackals (D:4)
  15 quokkas
  15 ball pythons
  2 bats (D:1)
  8 frilled lizards (Sewer)
  6 kobolds
  9 rats
295 creatures vanquished.

Vanquished Creatures (others)
  An orc wizard (D:7)
  A shadow imp (D:6)
2 creatures vanquished.

Grand Total: 297 creatures vanquished

Notes
Turn   | Place    | Note
-------+----------+-------------------------------------------
     0 | D:1      | qw the Gargoyle Cinder Acolyte began the quest for the Orb.
     0 | D:1      | Reached XP level 1. HP: 14/14 MP: 2/2
     0 | D:1      | 0 ||| qw: Version: 0.2-a-95-gc95f03d
     0 | D:1      | 0 ||| qw: Game counter: 34
     0 | D:1      | 0 ||| qw: Always use a shield: true
     0 | D:1      | 0 ||| qw: God list: Okawaru
     0 | D:1      | 0 ||| qw: Allow faded altars: false
     0 | D:1      | 0 ||| qw: Do Orc after D:15 true
     0 | D:1      | 0 ||| qw: Do second Lair branch before Depths: true
     0 | D:1      | 0 ||| qw: Lair rune preference: random
     0 | D:1      | 0 ||| qw: Plans: Normal
     0 | D:1      | 0 ||| PLANNING D:1-11
    75 | D:1      | Reached skill level 3 in Axes
    82 | D:1      | Reached XP level 2. HP: 14/19 MP: 3/3
   128 | D:1      | Found a large runed translucent door.
   128 | D:1      | Found a large runed translucent door.
   128 | D:1      | Noticed an ogre
   128 | D:1      | Noticed an ogre
   128 | D:1      | Noticed an ogre
   130 | D:1      | Noticed an ogre
   473 | D:1      | Reached XP level 3. HP: 23/23 MP: 4/4
   697 | D:1      | 697 ||| Stepping ~*~*~tactically~*~*~ (stealth).
   942 | D:1      | 942 ||| UPGRADING to +0 cloak.
   947 | D:1      | 947 ||| UPGRADING to +5 ring of evasion.
   948 | D:1      | 948 ||| READING scroll labelled IMACOV KOECAOS.
  1010 | D:1      | 1010 ||| READING scroll labelled LYOHAI KAB NETT.
  1011 | D:1      | 1011 ||| READING scroll labelled JUIGGE SOSI.
  1012 | D:1      | 1012 ||| READING scroll labelled CAHAEBIAMI.
  1013 | D:1      | 1013 ||| READING scroll labelled MAGHAIGRYS.
  1042 | D:2      | 1042 ||| INVOKING Fiery Armour.
  1046 | D:2      | Reached skill level 4 in Axes
  1056 | D:2      | Reached XP level 4. HP: 19/28 MP: 5/5
  1617 | D:2      | Found Wiruket's Antique Armour Boutique.
  1623 | D:2      | 1623 ||| SHOPLISTING scale mail (84 gold, have 58).
  1693 | D:2      | 1693 ||| Stepping ~*~*~tactically~*~*~ (hiding).
  2106 | D:2      | 2106 ||| UPGRADING to +0 leather armour.
  2116 | D:2      | 2116 ||| DROPPING +0 robe.
  2117 | D:2      | 2117 ||| UPGRADING to +0 ring mail.
  2127 | D:2      | 2127 ||| DROPPING +0 leather armour.
  2128 | D:2      | 2128 ||| READING scroll labelled ZOR WEPTULIF.
  2129 | D:2      | 2129 ||| READING 2 scrolls labelled KAYNWO PITHREO.
  2130 | D:2      | 2130 ||| READING scroll of enchant armour.
  2130 | D:2      | 2130 ||| ENCHANTING +0 cloak.
  2131 | D:2      | 2131 ||| READING scroll labelled TEFEGI BIOKI.
  2132 | D:2      | 2132 ||| DRINKING 2 emerald potions.
  2221 | D:3      | Reached skill level 1 in Armour
  2325 | D:3      | Noticed a scorpion
  2338 | D:3      | Killed a scorpion
  2339 | D:3      | Reached skill level 5 in Axes
  2339 | D:3      | Reached XP level 5. HP: 31/32 MP: 6/6
  2389 | D:3      | Found a burning altar of Makhleb.
  2743 | D:3      | 2743 ||| UPGRADING to +0 plate armour.
  2753 | D:3      | 2753 ||| DROPPING +0 ring mail.
  2754 | D:3      | 2754 ||| READING scroll labelled YXOPRE CAHO.
  2755 | D:3      | 2755 ||| READING 2 scrolls labelled KAESAH XOJUOZA.
  2756 | D:3      | 2756 ||| READING scroll of enchant weapon.
  2756 | D:3      | 2756 ||| ENCHANTING +0 hand axe of flaming.
  2757 | D:3      | 2757 ||| READING scroll labelled PEFAHU DIMOECU.
  2757 | D:3      | Identified a scroll of acquirement
  2757 | D:3      | 2757 ||| ACQUIRING 705 gold pieces
  2757 | D:3      | Acquired 705 gold pieces
  2794 | D:4      | Found a runed translucent gate.
  2794 | D:4      | Found a runed translucent gate.
  2795 | D:4      | Found a runed translucent gate.
  2797 | D:4      | Noticed qw's ghost (amateur GrCA)
  2864 | D:4      | Noticed a black bear
  2876 | D:4      | 2876 ||| INVOKING Fiery Armour.
  2876 | D:4      | Killed a black bear
  2877 | D:4      | Reached skill level 3 in Armour
  2877 | D:4      | Reached XP level 6. HP: 14/37 MP: 7/7
  3053 | D:4      | 3053 ||| READING scroll of enchant armour.
  3053 | D:4      | 3053 ||| ENCHANTING +1 cloak.
  3221 | D:4      | Found Olloe's Weapon Shoppe.
  3360 | D:4      | 3360 ||| UPGRADING to +4 ring of protection.
  3379 | D:5      | Entered Level 5 of the Dungeon
  3379 | D:5      | Found a stormy altar of Qazlal.
  3380 | D:5      | 3380 ||| PLANNING SEWER
  3380 | D:5      | 3380 ||| INVOKING Fiery Armour.
  3381 | D:5      | 3381 ||| STAIRDANCE
  3567 | D:5      | 3567 ||| INVOKING Fiery Armour.
  3651 | D:5      | Found a staircase to the Ecumenical Temple.
  3707 | D:5      | Found a glowing drain.
  3708 | D:5      | 3708 ||| UPGRADING to +0 pair of gloves.
  3737 | D:5      | Noticed an acid dragon
  3738 | D:5      | 3738 ||| Stepping ~*~*~tactically~*~*~ (stealth).
  3743 | D:5      | 3743 ||| INVOKING Fiery Armour.
  3746 | D:5      | Killed an acid dragon
  3747 | D:5      | Reached skill level 6 in Axes
  3747 | D:5      | Reached XP level 7. HP: 22/43 MP: 8/8
  3840 | Sewer    | Entered a sewer
  3964 | Sewer    | 3964 ||| Stepping ~*~*~tactically~*~*~ (stealth).
  4005 | Sewer    | 4005 ||| Stepping ~*~*~tactically~*~*~ (water).
  4116 | Sewer    | 4116 ||| Stepping ~*~*~tactically~*~*~ (stealth).
  4155 | Sewer    | Reached skill level 7 in Axes
  4195 | D:5      | 4195 ||| PLANNING D:1-11
  4285 | D:5      | You fall into a shaft and drop 3 floors!
  4295 | D:8      | 4295 ||| Stepping ~*~*~tactically~*~*~ (hiding).
  4303 | D:8      | Reached XP level 8. HP: 44/48 MP: 9/9
  4314 | D:8      | 4314 ||| Stepping ~*~*~tactically~*~*~ (hiding).
  4409 | D:8      | Reached skill level 1 in Throwing
  4437 | D:8      | Found Orab's Magic Scroll Shoppe.
  4449 | D:8      | 4449 ||| BUYING scroll of identify (28 gold).
  4449 | D:8      | Bought a scroll of identify for 28 gold pieces
  4449 | D:8      | 4449 ||| BUYING scroll of identify (28 gold).
  4449 | D:8      | Bought a scroll of identify for 28 gold pieces
  4449 | D:8      | 4449 ||| BUYING scroll of identify (28 gold).
  4449 | D:8      | Bought a scroll of identify for 28 gold pieces
  4464 | D:8      | 4464 ||| Stepping ~*~*~tactically~*~*~ (hiding).
  4465 | D:8      | 4465 ||| Stepping ~*~*~tactically~*~*~ (hiding).
  4466 | D:8      | 4466 ||| Stepping ~*~*~tactically~*~*~ (hiding).
  4470 | D:8      | 4470 ||| INVOKING Fiery Armour.
  4523 | D:8      | 4523 ||| Stepping ~*~*~tactically~*~*~ (stealth).
  4526 | D:8      | 4526 ||| READING scroll labelled GUCOTW JAQOXIA.
  4542 | D:8      | 4542 ||| Stepping ~*~*~tactically~*~*~ (stealth).
  4559 | D:8      | 4559 ||| READING 4 scrolls of identify.
  4559 | D:8      | 4559 ||| IDENTIFYING fizzy black potion
  4560 | D:8      | 4560 ||| READING 3 scrolls of identify.
  4560 | D:8      | 4560 ||| IDENTIFYING gluggy blue potion
  4561 | D:8      | 4561 ||| READING 2 scrolls of identify.
  4561 | D:8      | 4561 ||| IDENTIFYING coppery potion
  4562 | D:8      | 4562 ||| DROPPING potion of degeneration.
  4563 | D:8      | 4563 ||| DROPPING potion of flight.
  4577 | D:7      | 4577 ||| DRINKING 2 potions of curing.
  4577 | D:7      | 4577 ||| (to cure confusion)
  4609 | D:7      | Found a flagged portal.
  4631 | D:7      | Reached skill level 8 in Axes
  4655 | D:7      | 4655 ||| DRINKING potion of curing.
  4655 | D:7      | 4655 ||| (to cure confusion)
  4711 | D:7      | Noticed a kobold demonologist
  4716 | D:7      | Noticed a red devil
  4716 | D:7      | 4716 ||| INVOKING Fiery Armour.
  4726 | D:7      | Killed a kobold demonologist
  4727 | D:7      | Reached skill level 6 in Fighting
  4727 | D:7      | Reached XP level 9. HP: 56/56 MP: 10/10
  4904 | D:6      | Found a snail-covered altar of Cheibriados.
  5018 | D:5      | 5018 ||| DROPPING ring of protection from cold.
  5030 | D:6      | 5030 ||| INVOKING Fiery Armour.
  5150 | D:6      | 5150 ||| SWAPPING to +0 war axe.
  5158 | D:6      | 5158 ||| Stepping ~*~*~tactically~*~*~ (hiding).
  5159 | D:6      | 5159 ||| Stepping ~*~*~tactically~*~*~ (hiding).
  5160 | D:6      | 5160 ||| Stepping ~*~*~tactically~*~*~ (hiding).
  5161 | D:6      | 5161 ||| Stepping ~*~*~tactically~*~*~ (hiding).
  5162 | D:6      | 5162 ||| Stepping ~*~*~tactically~*~*~ (hiding).
  5424 | D:6      | Found a shadowy altar of Dithmenos.
  5509 | D:6      | Reached skill level 9 in Axes
  5606 | D:6      | 5606 ||| UPGRADING to +2 pair of gloves.
  5616 | D:6      | 5616 ||| DROPPING +0 pair of gloves.
  5617 | D:6      | 5617 ||| READING 3 scrolls labelled KOUNESYMIAN.
  5618 | D:6      | 5618 ||| DROPPING 2 scrolls of immolation.
  5677 | D:7      | 5677 ||| Stepping ~*~*~tactically~*~*~ (hiding).
  5678 | D:7      | 5678 ||| Stepping ~*~*~tactically~*~*~ (hiding).
  5679 | D:7      | 5679 ||| Stepping ~*~*~tactically~*~*~ (hiding).
  5682 | D:7      | 5682 ||| Stepping ~*~*~tactically~*~*~ (hiding).
  5709 | D:7      | 5709 ||| INVOKING Fiery Armour.
  5719 | D:7      | Reached skill level 6 in Armour
  5892 | D:7      | 5892 ||| Stepping ~*~*~tactically~*~*~ (stealth).
  5957 | D:7      | 5957 ||| INVOKING Fiery Armour.
  6048 | D:7      | 6048 ||| Stepping ~*~*~tactically~*~*~ (stealth).
  6175 | D:7      | 6175 ||| INVOKING Fiery Armour.
  6479 | D:7      | 6479 ||| READING 3 scrolls of identify.
  6479 | D:7      | 6479 ||| IDENTIFYING fizzy white potion
  6480 | D:7      | 6480 ||| DROPPING potion of berserk rage.
  6533 | D:8      | 6533 ||| Stepping ~*~*~tactically~*~*~ (hiding).
  6684 | D:8      | Reached skill level 10 in Axes
  6864 | D:8      | Found a basalt altar of Yredelemnul.
  6906 | D:8      | Reached skill level 3 in Throwing
  6906 | D:8      | Reached XP level 10. HP: 47/63 MP: 11/11
  7021 | D:8      | 7021 ||| READING 5 scrolls of identify.
  7021 | D:8      | 7021 ||| IDENTIFYING puce potion
  7022 | D:8      | 7022 ||| READING 4 scrolls of identify.
  7022 | D:8      | 7022 ||| IDENTIFYING fizzy yellow potion
  7023 | D:8      | 7023 ||| DROPPING potion of brilliance.
  7130 | D:9      | 7130 ||| INVOKING Fiery Armour.
  7147 | D:9      | 7147 ||| Stepping ~*~*~tactically~*~*~ (stealth).
  7148 | D:9      | 7148 ||| Stepping ~*~*~tactically~*~*~ (stealth).
  7165 | D:9      | 7165 ||| Stepping ~*~*~tactically~*~*~ (stealth).
  7228 | D:9      | 7228 ||| Stepping ~*~*~tactically~*~*~ (stealth).
  7244 | D:9      | 7244 ||| Stepping ~*~*~tactically~*~*~ (stealth).
  7246 | D:9      | 7246 ||| Stepping ~*~*~tactically~*~*~ (stealth).
  7271 | D:9      | 7271 ||| Stepping ~*~*~tactically~*~*~ (stealth).
  7271 | D:9      | Noticed Pikel
  7272 | D:9      | 7272 ||| Stepping ~*~*~tactically~*~*~ (stealth).
  7274 | D:9      | 7274 ||| INVOKING Fiery Armour.
  7292 | D:9      | Reached skill level 11 in Axes
  7299 | D:9      | Killed Pikel
  7416 | D:9      | 7416 ||| SWAPPING to +4 war axe of freezing.
  7417 | D:9      | 7417 ||| DROPPING +0 war axe.
  7418 | D:9      | Found a staircase to the Lair.
  7480 | D:9      | Noticed an orange demon
  7481 | D:9      | 7481 ||| Stepping ~*~*~tactically~*~*~ (hiding).
  7490 | D:9      | Killed an orange demon
  7522 | D:9      | Noticed Amaemon
  7536 | D:9      | Killed Amaemon
  7537 | D:9      | Reached skill level 9 in Fighting
  7537 | D:9      | Reached XP level 11. HP: 51/71 MP: 12/12
  7612 | D:9      | Found an ornate altar of the Wu Jian Council.
  7687 | D:9      | Noticed Maggie
  7704 | D:9      | Killed Maggie
  7982 | D:9      | 7982 ||| Stepping ~*~*~tactically~*~*~ (hiding).
  8000 | D:9      | Noticed Erica
  8004 | D:9      | 8004 ||| Stepping ~*~*~tactically~*~*~ (hiding).
  8006 | D:9      | 8006 ||| Stepping ~*~*~tactically~*~*~ (hiding).
  8023 | D:9      | 8023 ||| DRINKING potion of curing.
  8023 | D:9      | 8023 ||| (to cure confusion)
  8025 | D:9      | Killed Erica
  8148 | D:8      | 8148 ||| PLANNING LAIR
  8185 | Lair:1   | Entered Level 1 of the Lair of Beasts
  8608 | Lair:1   | Found a transporter.
  8610 | Lair:1   | Found a transporter.
  8631 | Lair:1   | Noticed a spriggan berserker
  8632 | Lair:1   | Noticed a moth of wrath
  8636 | Lair:1   | Found a bloodstained altar of Trog.
  8636 | Lair:1   | Noticed a spriggan rider
  8644 | Lair:1   | Noticed qw's ghost (journeyman GrCA)
  8659 | Lair:1   | Noticed a moth of wrath
  8771 | Lair:1   | 8771 ||| READING scroll of enchant weapon.
  8771 | Lair:1   | 8771 ||| ENCHANTING +4 war axe of freezing.
  9072 | Lair:1   | 9072 ||| READING 4 scrolls of identify.
  9072 | Lair:1   | 9072 ||| IDENTIFYING pink potion
  9073 | Lair:1   | 9073 ||| READING 3 scrolls of identify.
  9073 | Lair:1   | 9073 ||| IDENTIFYING clear potion
  9074 | Lair:1   | 9074 ||| DROPPING potion of magic.
  9075 | Lair:1   | 9075 ||| DROPPING potion of lignification.
  9118 | Lair:2   | Reached skill level 12 in Axes
  9243 | Lair:2   | 9243 ||| READING scroll of enchant armour.
  9243 | Lair:2   | 9243 ||| ENCHANTING +0 plate armour.
  9287 | Lair:2   | Noticed Sonja
  9288 | Lair:2   | 9288 ||| Stepping ~*~*~tactically~*~*~ (hiding).
  9298 | Lair:2   | Killed Sonja
  9299 | Lair:2   | Reached skill level 9 in Armour
  9444 | Lair:2   | Noticed Harold
  9462 | Lair:2   | Killed Harold
  9758 | Lair:2   | 9758 ||| READING scroll labelled NIMASK XAZO.
  9892 | Lair:3   | 9892 ||| READING scroll of enchant armour.
  9892 | Lair:3   | 9892 ||| ENCHANTING +1 plate armour.
  9905 | Lair:3   | 9905 ||| Stepping ~*~*~tactically~*~*~ (stealth).
  9915 | Lair:3   | Reached XP level 12. HP: 77/77 MP: 13/13
  9916 | Lair:3   | Found a hole to the Spider Nest.
  9932 | Lair:3   | HP: 18/77 [jumping spider (13)]
  9933 | Lair:3   | 9933 ||| READING 6 scrolls of teleportation.
  9934 | Lair:3   | 9934 ||| DRINKING potion of heal wounds.
 10173 | Lair:3   | 10173 ||| Stepping ~*~*~tactically~*~*~ (stealth).
 10192 | Lair:3   | 10192 ||| Stepping ~*~*~tactically~*~*~ (stealth).
 10200 | Lair:3   | Reached skill level 13 in Axes
 10200 | Lair:3   | 10200 ||| Stepping ~*~*~tactically~*~*~ (stealth).
 10201 | Lair:3   | 10201 ||| Stepping ~*~*~tactically~*~*~ (stealth).
 10202 | Lair:3   | Found a transporter.
 10205 | Lair:3   | 10205 ||| Stepping ~*~*~tactically~*~*~ (stealth).
 10262 | Lair:3   | Found a staircase to the Shoals.
 10267 | Lair:3   | Noticed an eight-headed hydra
 10273 | Lair:3   | 10273 ||| SWAPPING to +1 hand axe of flaming.
 10279 | Lair:3   | Killed a four-headed hydra
 10280 | Lair:3   | 10280 ||| SWAPPING to +5 war axe of freezing.
 10432 | Lair:3   | Found a transporter.
 10535 | Lair:3   | Noticed a death yak
 10536 | Lair:3   | Noticed a death yak
 10537 | Lair:3   | Noticed a death yak
 10538 | Lair:3   | 10538 ||| Stepping ~*~*~tactically~*~*~ (stealth).
 10540 | Lair:3   | Noticed a death yak
 10540 | Lair:3   | Noticed a death yak
 10542 | Lair:3   | Noticed a death yak
 10552 | Lair:3   | Killed a death yak
 10554 | Lair:3   | HP: 9/77 [death yak (14)]
 10554 | Lair:3   | HP: 3/77 [death yak (6)]
 10555 | Lair:3   | 10555 ||| READING 5 scrolls of teleportation.
 10555 | Lair:3   | Mangled by a death yak

Levels and vault maps discovered:
D:1:      erik_arrival_cave_to_civilisation [erik_arrival_cave_to_temple],
          layout_basic, minmay_curled_crystal, feat_on_display
D:2:      layout_basic, serial_shops, shop
D:3:      layout_basic, bloody_makhleb, amcnicky_mini_corridor_feature,
          minmay_misc_feat_cross
D:4:      layout_rooms, gammafunk_ghost_split, serial_shops,
          nicolae_shop_bloodbath_and_beyond
D:5:      layout_rooms, nicolae_qazlal_scattered_showers,
          minmay_temple_entry_glassed_door, cheibrodos_sewer_entry_sluice
D:6:      layout_rooms, mainiacjoe_overflow_boulevard, cheibriados_altar_1
D:7:      layout_basic, enter_bailey_2
D:8:      layout_cave_pools, mainiacjoe_overflow_alcove_2, serial_shops, shop
D:9:      layout_loops_cross, minitemple, kennysheep_little_box,
          kennysheep_mini_moat, minmay_lair_entry_grove, uniq_pikel,
          uniq_amaemon, uniq_erica, uniq_maggie
Lair:1:   layout_hall_layers, gammafunk_ghost_wrathful_warriors,
          serial_bayou_shore_a, grunt_megastairs_5
Lair:2:   layout_cave_shapes, uniq_sonja, uniq_harold
Lair:3:   gammafunk_worm_tunnel, layout_regular_city,
          minmay_shoals_entry_centaurs, nicolae_spider_entry_tight_spaces

Skill      XL: |  1  2  3  4  5  6  7  8  9 10 11 12 |
---------------+-------------------------------------+-----
Axes           | 3 4 5 6 7 8 10 11 12 13 | 13.7
Armour         | 1 3 4 5 6 7 9 |  9.2
Fighting       | 4 6 7 9 10 | 10.1
Throwing       | 1 3 4 5 |  5.1
Dodging        | 2 |  2.5
Spellcasting   | |  1.0
Fire Magic     | |  3.0

Action                     |  1- 3 |  4- 6 |  7- 9 | 10-12 || total
---------------------------+-------+-------+-------+-------++-------
  Melee: Hand axe          |   106 |   137 |   238 |     6 ||   487
         Punch             |       |     1 |     4 |     2 ||     7
         War axe           |       |       |   145 |   344 ||   489
  Throw: Boomerang         |       |    27 |    86 |    56 ||   169
         Javelin           |       |       |    12 |    24 ||    36
 Invoke: Fiery Armour      |     1 |     4 |     6 |     2 ||    13
    Use: Scroll            |     5 |     9 |     6 |    10 ||    30
         Potion            |       |     1 |     2 |     2 ||     5
 Armour: Robe              |    37 |     2 |       |       ||    39
         Ring mail         |       |     8 |       |       ||     8
         Plate armour      |       |    54 |   295 |   308 ||   657
  Dodge: Dodged            |    75 |    94 |   221 |   222 ||   612

Table legend:
 A = Non-vault XP
 B = Vault XP
 C = Vault XP percentage of total XP
 D = Non-vault monster count
 E = Vault monster count
 F = Vault count percentage of total count
                 A         B        C        D         E       F
            +---------+---------+-------+---------+---------+-------
      Total |   17015 |    7596 |  30.9 |     224 |      69 |  23.5
            +---------+---------+-------+---------+---------+-------
        D:1 |      42 |       2 |   4.5 |      25 |       2 |   7.4
        D:2 |      86 |       0 |   0.0 |      16 |       0 |   0.0
        D:3 |     107 |       0 |   0.0 |       7 |       0 |   0.0
        D:4 |     189 |       0 |   0.0 |      10 |       0 |   0.0
        D:5 |     466 |       2 |   0.4 |      15 |       2 |  11.8
        D:6 |     703 |       0 |   0.0 |      20 |       0 |   0.0
        D:7 |    1936 |       0 |   0.0 |      39 |       0 |   0.0
        D:8 |     999 |       0 |   0.0 |      19 |       0 |   0.0
        D:9 |    2025 |    4640 |  69.6 |      38 |      17 |  30.9
     Lair:1 |    1464 |       0 |   0.0 |       6 |       0 |   0.0
     Lair:2 |    2231 |    1657 |  42.6 |       7 |       2 |  22.2
     Lair:3 |    6767 |    1007 |  13.0 |      22 |       6 |  21.4
      Sewer |       0 |     288 | 100.0 |       0 |      40 | 100.0
            +---------+---------+-------+---------+---------+-------
